 Seeded DCSS version 0.27-a0-200-g8ba017916c (webtiles) character file.

Game seed: 20210129 (custom seed)

88 innerfire43 the Covered (level 4, -1/32 HPs)
             Began as a Demonspawn Wanderer on Jan 29, 2021.
             Slain by a goblin
             ... wielding a +0 club
             ... led by Robin
              (2 damage)
             ... on level 3 of the Dungeon.
             The game lasted 00:04:48 (2459 turns).

innerfire43 the Covered (Demonspawn Wanderer)       Turns: 2459, Time: 00:04:48

Health: -1/32      AC:  9    Str: 13 (14) XL:     4   Next: 29%
Magic:  4/4        EV:  9    Int: 11 (13) God:
Gold:   51         SH:  0    Dex: 11 (12) Spells: 3/3 levels left

rFire    . . .     SeeInvis .   a - +0 mace
rCold    . . .     Faith    .   (no shield)
rNeg     . . .     Spirit   .   b - +2 scale mail
rPois    .         Reflect  .   (no helmet)
rElec    .         Harm     .   (no cloak)
rCorr    .         Rampage  .   (no gloves)
Will     .....                  (no boots)
Stlth    ..........             (no amulet)
HPRegen  0.10/turn              (no ring)
MPRegen  0.09/turn              (no ring)

@: no status effects
A: claws 1
a: no special abilities


You were on level 3 of the Dungeon.
You visited 1 branch of the dungeon, and saw 3 of its levels.

You collected 51 gold pieces.

Inventory:

Hand Weapons
 a - a +0 mace (weapon)
Armour
 b - a +2 scale mail (worn)
Jewellery
 g - an uncursed ring of willpower {unknown}
Scrolls
 c - 3 scrolls of teleportation
 e - 3 scrolls of identify
 f - a scroll of remove curse
 h - a scroll of magic mapping {unknown}
 i - 4 scrolls of enchant weapon
 k - a scroll of immolation {unknown}
Potions
 j - a potion of invisibility {unknown}


   Skills:
 + Level 1.6 Fighting
 + Level 1.0(1.4) Axes
 + Level 1.4(1.7) Maces & Flails
 + Level 1.8 Crossbows
 + Level 1.0 Throwing
 + Level 4.5 Armour
 + Level 0.9 Dodging
 + Level 1.0 Evocations


You had 3 spell levels left.
You didn't know any spells.
Your spell library was empty.

Dungeon Overview and Level Annotations

Branches:
Dungeon (3/15)

Altars:

Annotations:
D:3 Robin


Innate Abilities, Weirdness & Mutations

You have sharp fingernails.


Message History

The goblin hits you.
* * * LOW HITPOINT WARNING * * *
The goblin no longer looks unusually strong.
The goblin hits you but does no damage. Robin throws the goblin at you!
The goblin hits you but does no damage. The goblin hits you.
* * * LOW HITPOINT WARNING * * *
The goblin no longer looks unusually strong.
The goblin hits you but does no damage. The goblin hits you.
* * * LOW HITPOINT WARNING * * *
Unknown command.
As you read the scroll labelled ROIDOR SAYTIC, it crumbles to dust.
It is a scroll of amnesia.
You feel forgetful for a moment. The goblin closely misses you.
Robin roars a battlecry!
The goblins go into a battle-frenzy!
The goblin closely misses you. The goblin hits you but does no damage.
You barely miss the goblin.
The goblin hits you but does no damage. x3
The goblin no longer looks unusually strong.
The goblin hits you with a +0 club.
You die...

#.# #. # #######.####
#. #........... #.###
###.##....####
....###...##.####
#.....####.# #.....#
#.# ######....†# #.#
#..ggg@....# #.#
#g####...ggg....# #.#
#g.......gg.....####.#
#.###..............#..
#................#
############.....#
#####.#.#### #.....#.#
#.#####.#


You could see Robin, 2 hobgoblins and 5 goblins.

Vanquished Creatures
  An ooze (D:1)
  4 dart slugs
  5 worms (D:2)
  2 leopard geckos
  6 bats
  3 giant cockroaches
  10 goblins
  9 hobgoblins
  3 jackals (D:1)
  4 frilled lizards
  6 kobolds
  4 rats
57 creatures vanquished.

Notes
Turn   | Place    | Note
-------+----------+-------------------------------------------
     0 | D:1      | innerfire43 the Demonspawn Wanderer began the quest for the
                  | Orb.
     0 | D:1      | innerfire43 set off with the following items: a +0 mace, a
                  | +2 scale mail, a scroll of teleportation
     0 | D:1      | Reached XP level 1. HP: 15/15 MP: 1/1
   322 | D:1      | Gained mutation: You have sharp fingernails. [demonic
                  | ancestry]
   322 | D:1      | Reached XP level 2. HP: 21/21 MP: 2/2
   329 | D:1      | Reached skill level 4 in Armour
   829 | D:1      | Reached XP level 3. HP: 26/26 MP: 3/3
  1464 | D:2      | Reached skill level 1 in Maces & Flails
  1741 | D:2      | Reached XP level 4. HP: 29/32 MP: 4/4
  2444 | D:3      | Noticed Robin
  2455 | D:3      | HP: 1/32 [goblin[Robin] (5)]
  2459 | D:3      | Slain by a goblin

Illustrated notes

Levels and vault maps discovered:
D:1:      dpeg_arrival_boxorama, layout_basic
D:2:      minmay_general_purpose_star, layout_basic
D:3:      layout_basic, cheibrodos_sewer_entry_bend, minmay_misc_feat_hallway,
          chequers_serial_rivers_large_a, minmay_unequal, uniq_sigmund,
          uniq_robin, uniq_grinder, uniq_jessica

Skill      XL: |  1  2  3 |
---------------+----------+-----
Armour         | 4 |  4.5
Maces & Flails | 1 |  1.4
Fighting       | |  1.6
Axes           | |  1.0
Crossbows      | |  1.8
Throwing       | |  1.0
Dodging        | |  0.9
Evocations     | |  1.0

Action                   |  1- 3 |  4- 6 || total
-------------------------+-------+-------++-------
Melee: Mace              |   168 |    50 ||   218
  Use: Scroll            |     3 |     1 ||     4
       Potion            |     3 |       ||     3
Armor: Scale mail        |   145 |    32 ||   177
Dodge: Dodged            |   122 |    22 ||   144

Table legend: (Time is in decaauts)
 A = Elapsed time spent in this place.
 B = Non-inter-level travel time spent in this place.
 C = Inter-level travel time spent in this place.
 D = Time resting spent in this place.
 E = Time spent auto-exploring this place.
 F = Levels seen in this place.
 G = Mean time per level.
                   A        B        C        D        E       F      G
               +--------+--------+--------+--------+--------+-----+--------+
         Total |   2516 |   2516 |      0 |      0 |   1863 |   3 |  838.7 |
       Dungeon |   2516 |   2516 |      0 |      0 |   1863 |   3 |  838.7 |
               +--------+--------+--------+--------+--------+-----+--------+

Top non-repeatable levels by time:
     D:1: 1418 daAuts
     D:2: 975 daAuts
     D:3: 122 daAuts
